Map: Solaris LE

Players

glandosaure - Winner!

  • Race: Protoss Protoss
  • Spawn Location: 7:00

Subwayeatn

  • Race: Zerg Zerg
  • League: Diamond
  • Spawn Location: 1:00

VOD

Have the link to the VOD?

Description

Time

  • Played on: Nov. 15, 2023, 10:17 a.m.
  • Length: 12:03
Show
View Real Time Build Order
Export as new Build Order

glandosaure Protoss - Winner!

Build Orders:  

Get SALT Encoding   

  12  0:00  Probe  
  13  0:18  Pylon, Probe  
  14  0:36  Forge  
  14  0:48  Pylon  
  14  1:18  Photon Cannon  
  14  1:38  Gateway  
  14  1:40  Gateway  
  14  1:47  Photon Cannon  
  14  1:51  Probe (Chrono Boost)  
  15  1:54  Assimilator  
  15  2:01  Probe (Chrono Boost)  
  16  2:05  Gateway  
  16  2:06  Probe (Chrono Boost)  
  16  2:08  Gateway  
  17  2:11  Assimilator  
  17  2:17  Probe  
  19  2:30  Probe (Chrono Boost)  
  19  2:40  Probe (Chrono Boost)  
  20  2:45  Probe (Chrono Boost)  
  21  2:53  Cybernetics Core  
  21  2:56  Probe  
  22  3:08  Probe  
  23  3:16  Nexus  
  23  3:25  Pylon  
  23  3:38  Probe  
  23  3:41  Photon Cannon  
  24  3:58  Probe, Stalker (Chrono Boost)  
  24  4:01  Photon Cannon  
  27  4:06  Warp Gate  
  27  4:16  Photon Cannon  
  27  4:22  Probe  
  28  4:29  Stalker  
  30  4:32  Stalker  
  32  4:51  Probe  
  32  4:52  Probe  
  34  4:55  Robotics Facility  
  34  5:03  Probe  
  34  5:05  Stalker (Chrono Boost)  
  35  5:11  Pylon  
  35  5:13  Probe  
  38  5:28  Stalker  
  38  5:29  Probe x2  
  42  5:41  Probe  
  43  5:46  Immortal (Chrono Boost)  
  46  5:51  Pylon  
  46  6:02  Protoss Ground Weapons Level 1 (Chrono Boost)  
  46  6:09  Probe x2  
  49  6:18  Observer  
  49  6:21  Probe x2  
  49  6:24  Pylon  
  51  6:32  Stalker  
  53  6:41  Pylon  
  53  6:47  Gateway  
  53  6:48  Pylon  
  53  6:49  Stalker  
  53  6:52  Immortal  
  53  6:53  Gateway  
  55  7:37  Stalker x2  
  49  8:03  Stalker x2  
  49  8:04  Stalker x2  
  49  8:05  Probe x2  
  57  8:07  Assimilator  
  57  8:10  Robotics Bay  
  57  8:12  Assimilator  
  57  8:28  Adept x2  
  57  8:29  Adept x2  
  65  8:36  Probe x2  
  67  8:48  Probe x2  
  69  8:54  Adept x2  
  69  8:55  Adept x2  
  77  9:00  Probe  
  66  9:18  Stalker x2  
  66  9:19  Stalker x2  
  66  9:48  Adept x4  
  68  10:14  Stalker  
  68  10:15  Stalker x3  
  76  10:27  Pylon  
  76  10:31  Colossus  
  76  10:32  Pylon  
  76  10:33  Nexus  
  78  10:55  Adept x2  
  78  10:56  Adept x2  
  80  11:11  Probe  
  80  11:12  Probe  
  82  11:23  Adept  
  82  11:24  Probe, Stalker, Adept  
  82  11:25  Stalker  
  93  12:00  Stalker x2  
  93  12:01  Stalker x2  
Show
View Real Time Build Order
Export as new Build Order

Subwayeatn Zerg 

Build Orders: Hatch First 

Get SALT Encoding   

  12  0:00  Drone  
  13  0:13  Overlord  
  13  0:18  Drone  
  14  0:31  Drone x2  
  16  0:49  Hatchery  
  15  0:54  Drone  
  15  0:55  Drone  
  17  0:59  Drone  
  18  1:04  Extractor  
  17  1:20  Spawning Pool  
  17  1:25  Overlord  
  18  1:52  Drone x3  
  21  2:00  Extractor  
  20  2:13  Spine Crawler  
  19  2:16  Queen  
  19  2:18  Drone x2  
  23  2:25  Spine Crawler  
  22  2:30  Roach Warren  
  22  2:33  Drone  
  22  2:57  Queen  
  24  3:07  Hatchery  
  27  3:12  Roach  
  27  3:13  Hatchery, Roach x2  
  28  3:25  Roach  
  30  3:28  Overlord  
  30  3:32  Overlord  
  30  3:53  Roach x2  
  30  3:55  Drone  
  35  3:57  Ravager  
  36  4:09  Drone  
  37  4:24  Drone x2  
  37  4:25  Queen  
  39  4:50  Drone x9  
  45  5:01  Lair  
  45  5:04  Extractor  
  44  5:08  Drone x3  
  44  5:09  Drone x2  
  44  5:10  Queen  
  51  5:16  Queen  
  53  5:23  Roach  
  55  5:29  Overlord  
  55  5:30  Overlord  
  55  5:41  Metabolic Boost  
  55  5:54  Queen  
  55  5:55  Queen  
  59  5:59  Drone x7  
  66  6:05  Overlord  
  66  6:07  Overlord  
  66  6:09  Overlord  
  66  6:19  Overlord  
  66  6:22  Overseer  
  66  6:27  Drone x2  
  66  6:28  Drone x8  
  76  6:35  Queen  
  76  6:36  Queen x2  
  82  6:46  Drone x3  
  82  6:47  Drone x4  
  89  7:05  Zergling x14  
  94  7:11  Pneumatized Carapace  
  88  7:19  Zergling x4  
  90  7:29  Queen  
  82  7:45  Drone x8  
  87  8:04  Zergling x2  
  87  8:05  Zergling x4  
  90  8:10  Glial Reconstitution  
  90  8:16  Overlord x4  
  90  8:25  Overlord  
  90  8:30  Spine Crawler  
  90  8:32  Spine Crawler  
  90  8:33  Overlord  
  90  8:34  Overlord  
  88  8:40  Zergling x6  
  88  8:41  Zergling x14  
  98  8:42  Spine Crawler  
  98  8:43  Spine Crawler  
  94  8:48  Spine Crawler  
  94  8:52  Zergling x2  
  94  8:53  Zergling x4  
  77  9:21  Zergling x2  
  77  9:22  Zergling x24  
  87  9:24  Queen x3  
  87  9:30  Zergling x6  
  93  9:38  Zergling x2  
  93  9:42  Zergling x2  
  93  9:43  Zergling x2  
  88  9:47  Zergling x2  
  83  9:57  Zergling x2  
  83  9:58  Zergling x16  
  88  10:00  Queen  
  81  10:08  Zergling x2  
  81  10:09  Zergling x4  
  75  10:18  Zergling x6  
  72  10:33  Zergling x6  
  75  10:47  Overseer  
  74  10:50  Zergling x10  
  74  10:51  Zergling x2  
  73  11:05  Zergling x2  
  73  11:06  Zergling x2, Hatchery  
  65  11:16  Overlord x2  
  65  11:18  Zergling x4  
  67  11:20  Queen x2  
  67  11:45  Zergling x10  
  67  11:46  Zergling x4  
Tags
 
League
Diamond
Matchup
PvZ
Replay Pack
2025 replay dump
Spawn Locations
Cross Positions
Add a new tag
Caveats
  • Supply blocks, unpowered buildings, or Contaminate may cause inaccurate times.
  • Supply counts are checked every 10 seconds.